Map: Pendiente de Agustín EE

Players

Fripal

  • Race: Protoss Protoss
  • Spawn Location: 5:00

FelipeSD

  • Race: Zerg Zerg
  • Spawn Location: 6:00

Mutante

  • Race: Terran Terran
  • Spawn Location: 6:00

TATORREA - Winner!

  • Race: Protoss Protoss
  • League: Gold
  • Spawn Location: 11:00

MrFercho - Winner!

  • Race: Zerg Zerg
  • League: Silver
  • Spawn Location: 12:00

tigro - Winner!

  • Race: Terran Terran
  • League: Bronze
  • Spawn Location: 12:00

VOD

Have the link to the VOD?

Description

Time

  • Played on: July 11, 2020, 6:08 p.m.
  • Length: 9:35
Show
View Real Time Build Order
Export as new Build Order

Fripal Protoss 

Build Orders:  

Get SALT Encoding   

  12  0:07  Probe  
  13  0:15  Probe  
  14  0:25  Assimilator  
  14  0:32  Pylon  
  14  0:34  Probe  
  15  0:45  Pylon  
  15  0:50  Probe  
  16  1:02  Probe  
  17  1:09  Gateway  
  17  1:14  Probe  
  17  1:16  Forge  
  18  1:30  Pylon  
  18  1:31  Probe  
  19  1:43  Probe  
  19  1:44  Gateway  
  20  1:47  Protoss Ground Weapons Level 1  
  20  1:55  Probe  
  21  2:15  Gateway  
  21  2:20  Zealot  
  23  2:35  Probe  
  23  2:36  Assimilator  
  24  2:39  Zealot  
  26  2:47  Probe  
  26  2:48  Zealot  
  29  2:57  Pylon  
  29  2:59  Probe  
  29  3:04  Zealot  
  32  3:06  Zealot  
  34  3:31  Zealot  
  36  3:39  Probe  
  37  3:47  Zealot  
  39  3:50  Zealot, Nexus  
  41  3:55  Protoss Ground Armor Level 1  
  39  4:37  Cybernetics Core  
  39  4:40  Zealot  
  39  4:42  Zealot  
  39  4:45  Zealot  
  45  4:52  Pylon  
  45  5:06  Probe  
  45  5:07  Zealot  
  45  5:09  Pylon  
  45  5:10  Zealot  
  45  5:12  Zealot  
  52  5:14  Probe  
  53  5:22  Probe  
  54  5:32  Shield Battery  
  54  5:34  Probe  
  55  5:45  Pylon  
  55  5:46  Probe  
  56  5:53  Stalker  
  56  5:55  Stalker  
  60  5:58  Stalker  
  62  6:23  Stalker  
  64  6:25  Stalker  
  64  6:28  Stalker  
  68  6:53  Stalker  
  70  6:54  Assimilator  
  70  6:55  Probe  
  70  6:58  Stalker  
  73  7:07  Probe  
  44  7:16  Zealot  
  30  7:23  Zealot  
  8  7:51  Probe  
Show
View Real Time Build Order
Export as new Build Order

FelipeSD Zerg 

Build Orders: 1 Base Baneling Bust, Pool First 

Get SALT Encoding   

  12  0:07  Extractor  
  11  0:21  Extractor  
  10  0:24  Overlord  
  10  0:26  Drone x2  
  12  0:56  Drone x2  
  14  1:20  Overlord x2  
  14  1:30  Spawning Pool  
  13  1:45  Drone  
  13  1:46  Drone  
  15  2:07  Evolution Chamber  
  15  2:08  Drone x2  
  16  2:18  Metabolic Boost  
  16  2:29  Evolution Chamber  
  15  2:33  Zergling x4  
  17  2:37  Overlord  
  17  2:56  Drone x2  
  19  3:03  Zerg Melee Weapons Level 1  
  19  3:07  Zergling x2  
  20  3:19  Roach Warren  
  19  3:24  Zergling x2  
  20  3:34  Zerg Ground Armor Level 1  
  16  4:50  Lair  
  16  4:54  Zergling x6  
  16  4:57  Zerg Missile Weapons Level 1  
  19  5:06  Baneling Nest  
  18  5:29  Spore Crawler  
  17  5:37  Zergling x2  
  17  5:38  Zergling x4  
  20  5:50  Pneumatized Carapace  
  20  5:53  Zergling x2  
  21  6:05  Zergling x2  
  22  6:25  Centrifical Hooks  
  22  6:52  Hydralisk Den  
  22  6:53  Drone x3  
  17  7:23  Hydralisk x2  
  21  7:43  Hatchery  
  20  7:46  Hydralisk x2  
  19  8:18  Hydralisk  
  19  8:19  Hydralisk x2  
Show
View Real Time Build Order
Export as new Build Order

Mutante Terran 

Build Orders:  

Get SALT Encoding   

  12  0:12  Refinery  
  12  0:16  Refinery  
  12  0:18  SCV  
  13  0:36  Supply Depot  
  13  0:51  Refinery  
  13  1:04  SCV  
  14  1:16  SCV  
  15  1:19  Supply Depot  
  15  1:28  SCV  
  16  1:44  SCV  
  17  1:56  SCV  
  18  2:09  SCV  
  19  2:40  Command Center  
  19  2:46  Refinery  
  19  3:00  Supply Depot  
  19  3:32  Barracks  
  19  3:38  SCV  
  20  3:49  Supply Depot  
  20  3:50  SCV  
  21  4:02  SCV  
  22  4:10  Supply Depot  
  22  4:14  SCV  
  23  4:26  SCV  
  24  4:34  Factory  
  24  4:38  Supply Depot  
  24  4:42  Supply Depot  
  24  4:53  SCV  
  25  5:05  SCV  
  26  5:17  SCV  
  26  5:20  Starport  
  27  5:29  Starport, SCV  
  28  5:37  Starport  
  28  5:38  Marine  
  29  5:56  Marine  
  30  6:13  Starport  
  30  6:22  Viking x2  
  34  6:38  SCV  
  35  6:50  SCV  
  36  7:01  Viking x2  
  36  7:02  SCV  
  41  7:14  SCV  
  42  7:26  SCV  
  39  7:45  Viking  
  39  7:46  Viking x3  
  47  8:15  Viking  
  47  8:16  Viking x3  
Show
View Real Time Build Order
Export as new Build Order

TATORREA Protoss - Winner!

Build Orders:  

Get SALT Encoding   

  12  0:02  Probe  
  13  0:14  Probe  
  13  0:20  Pylon  
  14  0:26  Probe  
  15  0:38  Probe  
  16  0:42  Gateway  
  16  0:50  Assimilator, Probe  
  17  0:58  Pylon, Probe  
  18  1:06  Probe  
  18  1:07  Assimilator  
  19  1:17  Probe  
  20  1:29  Probe  
  21  1:35  Cybernetics Core  
  21  1:38  Gateway  
  21  1:41  Probe  
  21  1:44  Zealot  
  24  1:59  Gateway  
  24  2:15  Robotics Facility  
  24  2:16  Warp Gate  
  24  2:20  Stalker  
  26  2:30  Probe  
  26  2:34  Stalker  
  29  2:47  Stalker  
  31  2:58  Pylon  
  31  3:16  Stalker, Observer  
  34  3:23  Nexus  
  34  3:27  Probe  
  35  3:37  Sentry, Pylon  
  37  3:55  Immortal  
  41  4:00  Probe  
  42  4:08  Pylon  
  42  4:12  Probe  
  43  4:19  Stalker  
  45  4:39  Probe x2  
  45  4:45  Immortal  
  51  4:51  Probe x2  
  53  5:01  Pylon  
  53  5:03  Probe x2  
  55  5:15  Probe x2  
  57  5:45  Stalker x2  
  57  5:46  Stalker  
  63  5:52  Twilight Council  
  63  5:54  Forge  
  63  5:56  Probe x2  
  65  5:57  Forge  
  65  5:59  Forge  
  65  6:05  Assimilator  
  65  6:08  Assimilator, Probe x2  
  65  6:10  Pylon  
  67  6:14  Pylon  
  67  6:19  Protoss Ground Weapons Level 1  
  67  6:20  Protoss Ground Armor Level 1  
  67  6:22  Protoss Shields Level 1  
  67  6:36  Stalker x3  
  67  6:38  Immortal  
  77  6:49  Blink  
  77  6:51  Observer  
  77  6:53  Probe x2  
  79  7:05  Probe  
  79  7:57  Probe x2  
  81  8:06  Nexus  
  81  8:07  Pylon  
  81  8:09  Probe x2  
  81  8:10  Pylon, Templar Archives  
  83  8:19  Gateway x2  
  83  8:21  Probe x2  
  83  8:22  Gateway  
  83  8:24  Gateway  
  83  8:25  Gateway  
  85  8:33  Probe x2  
  87  8:45  Probe  
  86  8:52  Stalker  
  86  8:53  Stalker x2  
  92  8:56  Immortal  
  92  8:57  Probe x2  
  98  9:09  Probe x2  
  100  9:13  Pylon  
  100  9:15  Pylon  
  98  9:17  Pylon  
  98  9:19  Pylon  
  98  9:21  Probe x2  
  98  9:22  Pylon  
  100  9:25  Pylon  
Show
View Real Time Build Order
Export as new Build Order

MrFercho Zerg - Winner!

Build Orders: Hatch First 

Get SALT Encoding   

  12  0:01  Drone  
  13  0:13  Overlord  
  13  0:17  Drone  
  14  0:31  Drone x2  
  16  0:52  Hatchery, Drone  
  16  0:56  Drone  
  17  1:02  Drone  
  18  1:07  Drone  
  18  1:11  Extractor  
  18  1:20  Spawning Pool  
  18  1:23  Drone  
  18  1:30  Drone  
  19  1:39  Drone  
  20  1:52  Overlord  
  20  2:01  Drone  
  21  2:06  Overlord  
  21  2:08  Queen x2  
  21  2:11  Drone  
  21  2:15  Drone  
  27  2:34  Zergling x4  
  29  2:37  Drone x2  
  31  2:57  Metabolic Boost  
  31  3:02  Baneling Nest, Hatchery, Evolution Chamber, Drone x2  
  31  3:03  Drone  
  31  3:05  Drone  
  32  3:09  Drone  
  32  3:12  Drone  
  34  3:24  Overlord x2  
  34  3:25  Drone  
  35  3:27  Drone  
  35  3:32  Zerg Melee Weapons Level 1  
  36  3:38  Drone x3  
  36  3:39  Drone  
  40  3:47  Drone  
  40  3:48  Drone  
  42  3:49  Drone x2  
  42  3:50  Drone  
  42  3:52  Drone  
  46  3:58  Baneling  
  46  3:59  Baneling x3  
  46  4:09  Zergling x2  
  47  4:10  Zergling x8  
  50  4:35  Zergling x14  
  57  4:41  Lair  
  57  4:51  Drone  
  57  4:52  Drone x3  
  61  5:11  Zergling x6  
  61  5:12  Zergling x2, Overlord  
  61  5:13  Overlord x4  
  65  5:18  Hatchery  
  65  5:20  Hatchery  
  65  5:21  Zergling x4  
  65  5:27  Extractor  
  64  5:29  Extractor  
  63  5:37  Zerg Ground Armor Level 1  
  63  5:44  Zergling x26  
  76  6:00  Evolution Chamber  
  76  6:02  Drone x5  
  80  6:06  Queen  
  82  6:14  Baneling  
  82  6:15  Baneling x4  
  82  6:16  Baneling  
  82  6:24  Zergling x2  
  82  6:25  Zergling x16  
  77  7:31  Zergling x2  
  77  7:32  Zergling x48  
  77  7:33  Zergling x6  
  104  7:57  Baneling x3  
  104  7:58  Baneling x8  
  90  9:15  Zergling x20  
  90  9:16  Zergling x10  
Show
View Real Time Build Order
Export as new Build Order

tigro Terran - Winner!

Build Orders:  

Get SALT Encoding   

  12  0:03  SCV  
  13  0:15  SCV  
  14  0:23  Supply Depot  
  14  0:27  SCV  
  15  0:36  Refinery  
  15  0:45  SCV  
  16  0:55  Barracks  
  16  0:57  SCV  
  16  1:02  Refinery  
  17  1:09  SCV  
  18  1:17  Supply Depot  
  18  1:21  SCV  
  19  1:33  SCV  
  20  1:45  SCV  
  21  1:48  Marine  
  22  1:58  SCV  
  23  2:06  Marine  
  24  2:10  Engineering Bay, SCV  
  25  2:19  Barracks  
  25  2:24  Marine  
  25  2:26  Orbital Command  
  26  2:41  Marine  
  26  2:43  Terran Infantry Weapons Level 1  
  27  2:59  Marine  
  28  3:09  Factory  
  28  3:26  Barracks Reactor  
  28  3:29  Barracks Tech Lab  
  28  3:49  Combat Shield  
  28  3:55  Factory Tech Lab  
  28  3:59  Command Center  
  28  4:08  Marine x3  
  28  4:09  Refinery  
  31  4:26  Marine  
  31  4:38  Terran Infantry Armor Level 1  
  31  4:40  Siege Tank  
  34  5:02  Starport  
  34  5:08  Stimpack  
  34  5:12  SCV  
  34  5:13  Refinery  
  35  5:24  SCV  
  36  5:36  SCV  
  36  5:39  Starport  
  36  5:40  Medivac  
  39  5:49  SCV  
  40  5:53  Siege Tank  
  43  6:01  SCV  
  44  6:13  SCV  
  45  6:21  Marine x3, Fusion Core  
  45  6:25  SCV  
  49  6:32  Hi-Sec Auto Tracking  
  49  6:37  SCV  
  49  6:38  Marine  
  49  6:39  Marine x2  
  53  6:49  SCV  
  53  6:52  Starport Tech Lab  
  54  7:10  Armory  
  54  7:15  Supply Depot  
  54  7:29  Neosteel Armor  
  54  7:37  Marine x3, SCV  
  54  7:39  Supply Depot  
  58  7:49  SCV  
  59  7:54  Marine x3  
  62  8:04  Supply Depot  
  62  8:12  Marine x3  
  65  8:30  Marine x3  
  68  8:48  Marine  
Tags
 
Add a new tag
Caveats
  • Supply blocks, unpowered buildings, or Contaminate may cause inaccurate times.
  • Supply counts are checked every 10 seconds.